 Dungeon Crawl Stone Soup version 0.17.1-2-g5865329 (webtiles) character file.

73 Jerry the Conjurer (level 4, 0/27 HPs)
             Began as an Octopode Wizard on Feb 10, 2016.
             Slain by a jackal (1 damage)
             ... on level 3 of the Dungeon.
             The game lasted 00:10:34 (2159 turns).

Jerry the Conjurer (Octopode Wizard)                Turns: 2159, Time: 00:10:35

Health: 0/27       AC:  1    Str:  7    XL:     4   Next: 27%
Magic:  8/8        EV: 12    Int: 20    God:
Gold:   74         SH:  0    Dex: 10    Spells: 2 memorised, 5 levels left

rFire  . . .     SeeInvis .     s - +0 short sword
rCold  . . .     Clarity  .     (no shield)
rNeg   . . .     SustAt   .     a - +0 hat
rPois  .         Gourm    .     (no amulet)
rElec  .         Spirit   .     n - ring of stealth
rCorr  .         Warding  .     (no ring)
rMut   .         Stasis   .     (no ring)
MR     .....                    (no ring)
Stlth  ++++......               (no ring)
                                (no ring)
                                (no ring)
                                (no ring)

@: not resistant to hostile enchantments, stealthy
A: almost no armour, amphibious, 8 rings, constrict 8, camouflage 1, gelatinous
body 1
a: no special abilities


You were on level 3 of the Dungeon.
You were not hungry.

You visited 1 branch of the dungeon, and saw 3 of its levels.

You collected 74 gold pieces.

Inventory:

Hand Weapons
 s - a +0 short sword (weapon)
Armour
 a - a +0 hat (worn)
Jewellery
 n - a ring of stealth (left tentacle)
 r - an uncursed ring of sustain attributes {unknown}
Scrolls
 i - a scroll of remove curse {unknown}
 k - a scroll of fear {unknown}
 m - a scroll of identify {unknown}
Potions
 d - a potion of cancellation {unknown}
 e - 2 potions of resistance {unknown}
 f - a potion of brilliance {unknown}
 j - a potion of lignification {unknown}
 l - a potion of haste {unknown}
 p - a potion of curing {unknown}
Books
 b - a book of Minor Magic

   Spells                             Type                      Level
   a - Magic Dart                     Conjuration                  1
   b - Blink                          Translocation                2
   c - Call Imp                       Summoning                    2
   d - Repel Missiles                 Charms/Air                   2
   e - Slow                           Hexes                        2
   f - Conjure Flame                  Conjuration/Fire             3
   g - Mephitic Cloud                 Conjuration/Poison/Air       3
Comestibles
 c - 3 bread rations
 h - 5 meat rations


   Skills:
 + Level 0.4 Fighting
 + Level 2.2 Dodging
 - Level 2.6 Stealth
 - Level 3.0 Spellcasting
 - Level 3.4 Conjurations
   Level 1.0 Summonings
   Level 1.0 Translocations
 + Level 1.1 Air Magic
 + Level 0.2 Poison Magic


You had 5 spell levels left.
You knew the following spells:

 Your Spells              Type           Power        Failure   Level  Hunger
a - Magic Dart            Conj           ###.         3%          1    None
b - Mephitic Cloud        Conj/Pois/Air  #.......     24%         3    ###....


Dungeon Overview and Level Annotations

Branches:
Dungeon (3/15)

Altars:
Yredelemnul


Innate Abilities, Weirdness & Mutations

You cannot wear most types of armour.
You are amphibious.
You can wear up to eight rings at the same time.
You can use your tentacles to constrict eight enemies at once.
Your skin changes colour to match your surroundings (Stealth).
Your rubbery body absorbs attacks (AC +1).


Message History

You constrict the jackal. The jackal bites you.
* * * LOW HITPOINT WARNING * * *
The jackal bites you.
* * * LOW HITPOINT WARNING * * *
The jackal misses you. The jackal closely misses you.
You are too injured to fight recklessly!
You release your grip on the jackal.
The jackal bites you.
* * * LOW HITPOINT WARNING * * *
The jackal bites you.
* * * LOW HITPOINT WARNING * * *
The jackal misses you.
The jackal bites you but does no damage.
You hit the jackal. Your grab misses the jackal.
The jackal is almost dead.
The jackal bites you.
* * * LOW HITPOINT WARNING * * *
You hit the jackal.
You kill the jackal!
The jackal bites you.
You die...

#..#. #.#
####### ..#. #.#
#.....#
.(.###'###.....#
#..#<..........#
#$.#........####
#.#........#
#####...#+######
.........#.#
#######..#@#
##.#h# #...#
#...# #...#
#.†># #.#.#
#.#.# #)#.#


You could see a jackal.

Vanquished Creatures
  2 adders (D:2)
  A worm (D:2)
  2 giant geckos (D:1)
  A ball python (D:1)
  4 giant cockroaches
  3 goblins (D:2)
  6 hobgoblins
  4 jackals
  A quokka (D:1)
  4 bats
  2 giant newts
  9 kobolds
  5 rats
  A spectral orc (D:2)
45 creatures vanquished.

Notes
Turn   | Place    | Note
--------------------------------------------------------------
     0 | D:1      | Jerry the Octopode Wizard began the quest for the Orb.
     0 | D:1      | Reached XP level 1. HP: 11/11 MP: 4/4
   145 | D:1      | Reached XP level 2. HP: 13/17 MP: 0/6
   757 | D:1      | Reached XP level 3. HP: 18/21 MP: 5/7
  1135 | D:2      | Learned a level 3 spell: Mephitic Cloud
  1692 | D:2      | Reached XP level 4. HP: 11/27 MP: 8/8
  2002 | D:2      | Reached skill level 1 in Air Magic
  2100 | D:2      | Found a basalt altar of Yredelemnul.
  2158 | D:3      | HP: 1/27 [jackal (1)]
  2159 | D:3      | Slain by a jackal

Action                   |  1- 3 |  4- 6 || total
-------------------------+-------+-------++-------
Melee: Spear             |    36 |       ||    36
       Club              |     2 |       ||     2
       Short sword       |    18 |    27 ||    45
 Cast: Magic Dart        |    48 |     1 ||    49
  Use: Scroll            |     5 |       ||     5
 Stab: Sleeping          |     5 |     2 ||     7
  Eat: Chunk             |     2 |     2 ||     4
